[Event "SixDays IM March 2024"]
[Site "Budapest"]
[Date "2024.04.01"]
[Round "5.4"]
[White "Mouhamad, Joachim"]
[Black "Horvath, David"]
[Result "1/2-1/2"]
[ECO "B10"]
[WhiteElo "2278"]
[BlackElo "2330"]
[Annotator "ChessBase"]
[PlyCount "93"]
[EventDate "2024.03.26"]
[EventType "tourn"]
[EventCountry "HUN"]
[SourceTitle "playchess.com"]
[Source "ChessBase"]
[SourceQuality "1"]
[TimeControl "5400+30"]

1. e4 c6 2. Nf3 d5 3. Nc3 dxe4 4. Nxe4 Nf6 5. Qe2 Nxe4 6. Qxe4 Nd7 7. Bc4 Nf6 8. Ne5 e6 9. Qe2 b5 10. Bd3 Qc7 11. a4 Nd5 12. axb5 Nf4 13. Qe4 Nxd3+ 14. cxd3 Bd6 15. Nc4 Bb7 16. Rxa7 Rxa7 17. b6 Qd8 18. bxa7 O-O 19. Qd4 Be7 20. Qxd8 Rxd8 21. Ke2 Ra8 22. b3 Rxa7 23. Bb2 f6 24. Ra1 Rxa1 25. Bxa1 Ba6 26. f4 Kf7 27. Ke3 Ke8 28. g4 Kd7 29. h4 h6 30. h5 c5 31. Bb2 Kc6 32. Ba3 Kd5 33. Nb6+ Kc6 34. Na4 Kd5 35. Nc3+ Kc6 36. Ne4 e5 37. f5 Bb7 38. Nc3 Kb6 39. Na4+ Kb5 40. Nb2 Bd5 41. Nc4 Kc6 42. Bb2 Kb5 43. Bc3 Ka6 44. Ke2 Kb5 45. Ke3 Ka6 46. Kf2 Kb5 47. Ke3 1/2-1/2

[Event "SixDays IM March 2024"]
[Site "Budapest"]
[Date "2024.04.01"]
[Round "5.5"]
[White "Krizsany, Laszlo"]
[Black "Miszler, Levente"]
[Result "1/2-1/2"]
[ECO "D24"]
[WhiteElo "2341"]
[BlackElo "2287"]
[Annotator "RC"]
[PlyCount "34"]
[EventDate "2024.03.26"]
[EventType "tourn"]
[EventCountry "HUN"]
[SourceTitle "playchess.com"]
[Source "ChessBase"]
[SourceQuality "1"]
[TimeControl "5400+30"]

1. d4 d5 2. c4 dxc4 3. Nf3 Nf6 4. Nc3 a6 5. e4 b5 6. e5 Nd5 7. a4 e6 8. axb5 Bb4 9. Bd2 Nb6 10. bxa6 Bxa6 11. Be2 Nc6 12. O-O O-O 13. Ne4 Bxd2 14. Qxd2 Qd5 15. Nc3 Qd7 16. Ne4 Qd5 17. Nc3 Qd7 1/2-1/2

[Event "SixDays IM March 2024"]
[Site "Budapest"]
[Date "2024.04.02"]
[Round "6.1"]
[White "Hesham, Abdelrahman"]
[Black "Miszler, Levente"]
[Result "1-0"]
[ECO "D20"]
[WhiteElo "2366"]
[BlackElo "2287"]
[Annotator "RC"]
[PlyCount "59"]
[EventDate "2024.03.26"]
[EventType "tourn"]
[EventCountry "HUN"]
[SourceTitle "playchess.com"]
[Source "ChessBase"]
[SourceQuality "1"]
[TimeControl "5400+30"]

1. d4 d5 2. c4 dxc4 3. e4 b5 4. a4 c6 5. Nf3 Nf6 6. axb5 cxb5 7. Nc3 Qb6 8. e5 Nfd7 9. d5 e6 10. d6 Nc6 11. Be3 Qb7 12. Nd4 Nxd4 13. Qxd4 b4 14. Ne4 Qd5 15. f4 Bb7 16. Nd2 g5 17. Bxc4 Qxd4 18. Bxd4 gxf4 19. Bb5 Bg7 20. Rc1 Rc8 21. Kf2 Kd8 22. Rxc8+ Bxc8 23. Nf3 Rf8 24. Rc1 f6 25. Rc7 fxe5 26. Bxd7 Bxd7 27. Bxe5 Rg8 28. Rxa7 Bh6 29. Bf6+ Ke8 30. Ne5 1-0

[Event "SixDays IM March 2024"]
[Site "Budapest"]
[Date "2024.04.02"]
[Round "6.2"]
[White "Horvath, David"]
[Black "Krizsany, Laszlo"]
[Result "1/2-1/2"]
[ECO "D14"]
[WhiteElo "2330"]
[BlackElo "2341"]
[Annotator "RC"]
[PlyCount "22"]
[EventDate "2024.03.26"]
[EventType "tourn"]
[EventCountry "HUN"]
[SourceTitle "playchess.com"]
[Source "ChessBase"]
[SourceQuality "1"]
[TimeControl "5400+30"]

1. d4 d5 2. c4 c6 3. Nf3 Nf6 4. cxd5 cxd5 5. Nc3 Nc6 6. Bf4 Bf5 7. e3 e6 8. Bd3 Bxd3 9. Qxd3 Bd6 10. Bxd6 Qxd6 11. O-O O-O 1/2-1/2

[Event "SixDays IM March 2024"]
[Site "Budapest"]
[Date "2024.04.02"]
[Round "6.3"]
[White "Radzimski, Antoni"]
[Black "Mouhamad, Joachim"]
[Result "1/2-1/2"]
[ECO "D30"]
[WhiteElo "2197"]
[BlackElo "2278"]
[Annotator "RC"]
[PlyCount "55"]
[EventDate "2024.03.26"]
[EventType "tourn"]
[EventCountry "HUN"]
[SourceTitle "playchess.com"]
[Source "ChessBase"]
[SourceQuality "1"]
[TimeControl "5400+30"]

1. d4 d5 2. c4 e6 3. cxd5 exd5 4. Nc3 h6 5. Bf4 Nf6 6. e3 Bd6 7. Bxd6 Qxd6 8. Bd3 O-O 9. Nf3 c6 10. O-O Nbd7 11. Qc2 Re8 12. Rfe1 Qe7 13. Rac1 Ne4 14. Nd2 Ndf6 15. f3 Nxd2 16. Qxd2 Be6 17. Rcd1 Rad8 18. Bc2 c5 19. dxc5 Qxc5 20. Qd4 Qa5 21. Ba4 Bd7 22. Bb3 Bc6 23. Re2 Rd7 24. Red2 Rde7 25. Nxd5 Nxd5 26. Bxd5 Bxd5 27. Qxd5 Qxd5 28. Rxd5 1/2-1/2

[Event "SixDays IM March 2024"]
[Site "Budapest"]
[Date "2024.04.02"]
[Round "6.4"]
[White "Advaitt Srikant Koduri"]
[Black "Toth-Goczo, Melinda"]
[Result "0-1"]
[ECO "D23"]
[WhiteElo "2125"]
[BlackElo "2189"]
[Annotator "RC"]
[PlyCount "158"]
[EventDate "2024.03.26"]
[EventType "tourn"]
[EventCountry "HUN"]
[SourceTitle "playchess.com"]
[Source "ChessBase"]
[SourceQuality "1"]
[TimeControl "5400+30"]

1. Nf3 Nf6 2. d4 d5 3. c4 dxc4 4. Qa4+ c6 5. Qxc4 Bf5 6. Nc3 b5 7. Qb3 a5 8. g3 a4 9. Qd1 e6 10. Bg2 Qa5 11. O-O Bb4 12. Nb1 O-O 13. a3 Be7 14. Nc3 Ne4 15. Bd2 Qb6 16. e3 Nxc3 17. Bxc3 Be4 18. Qe2 Qb7 19. Rfd1 Nd7 20. Ne1 Bxg2 21. Nxg2 Nb6 22. Nf4 Nd5 23. Rac1 Rfc8 24. Nd3 Rd8 25. Be1 Rdc8 26. Rc2 Nb6 27. Rdc1 Nc4 28. Rxc4 bxc4 29. Rxc4 Qb5 30. Qc2 Qb3 31. Qxb3 axb3 32. Kf1 Kf8 33. Ke2 Ke8 34. Bc3 f6 35. a4 Kd7 36. Nc5+ Bxc5 37. dxc5 e5 38. f4 exf4 39. gxf4 Ke6 40. a5 g6 41. Re4+ Kf7 42. Kd3 Re8 43. Rb4 Rad8+ 44. Bd4 Ra8 45. Bc3 Rad8+ 46. Bd4 Ra8 47. Ra4 Ra6 48. Kc4 Rb8 49. Ra1 Rba8 50. Bc3 Re8 51. Bd2 Rd8 52. Bb4 Re8 53. Re1 g5 54. fxg5 fxg5 55. Kxb3 Re4 56. Bc3 Kg6 57. Kc2 h5 58. b4 g4 59. Kd3 Re6 60. e4 Ra7 61. Rf1 Rd7+ 62. Ke3 Rde7 63. e5 Kg5 64. Ke4 Kh4 65. Rf5 Rh7 66. Rf2 Kh3 67. Bd2 h4 68. Bf4 Rf7 69. Rd2 g3 70. hxg3 Kg4 71. Rd6 Rxd6 72. cxd6 h3 73. e6 Rf8 74. d7 h2 75. e7 h1=Q+ 76. Kd4 Rxf4+ 77. gxf4 Qd5+ 78. Kc3 Qxd7 79. Kc4 Qxe7 0-1

[Event "SixDays IM March 2024"]
[Site "Budapest"]
[Date "2024.04.02"]
[Round "6.5"]
[White "Demeter, Dorina"]
[Black "Gu, Crystal Jiuzhou"]
[Result "1-0"]
[ECO "D10"]
[WhiteElo "2296"]
[BlackElo "2059"]
[Annotator "RC"]
[PlyCount "103"]
[EventDate "2024.03.26"]
[EventType "tourn"]
[EventCountry "HUN"]
[SourceTitle "playchess.com"]
[Source "ChessBase"]
[SourceQuality "1"]
[TimeControl "5400+30"]

1. d4 d5 2. c4 c6 3. cxd5 cxd5 4. Bf4 Nc6 5. e3 Bf5 6. Nc3 e6 7. Qb3 Qd7 8. Nf3 Bb4 9. Ne5 Bxc3+ 10. bxc3 Qc8 11. g4 Bg6 12. Nxg6 hxg6 13. Rb1 b6 14. Bb5 Nge7 15. Bd6 Qd7 16. Qa3 Rc8 17. c4 dxc4 18. Rc1 a6 19. Bxc4 Na5 20. Bxe7 Nxc4 21. Qxa6 Kxe7 22. Rxc4 Qd5 23. Rxc8 Qxh1+ 24. Ke2 Rxc8 25. Qxc8 Qd5 26. Qc7+ Ke8 27. Qb8+ Ke7 28. Qa7+ Ke8 29. Qa4+ Ke7 30. Qb4+ Ke8 31. a4 Qb7 32. Qb5+ Kd8 33. a5 Kc7 34. Qxb6+ Qxb6 35. axb6+ Kxb6 36. Kd3 Kc6 37. e4 g5 38. Kc4 Kd6 39. d5 f6 40. f3 g6 41. Kd4 exd5 42. exd5 f5 43. h3 Kd7 44. Ke5 fxg4 45. fxg4 Ke7 46. d6+ Kd7 47. Kd5 Kd8 48. Ke6 Ke8 49. d7+ Kd8 50. Kf6 Kxd7 51. Kxg5 Ke7 52. Kxg6 1-0

[Event "SixDays IM March 2024"]
[Site "Budapest"]
[Date "2024.04.03"]
[Round "7.1"]
[White "Gu, Crystal Jiuzhou"]
[Black "Hesham, Abdelrahman"]
[Result "0-1"]
[ECO "C54"]
[WhiteElo "2059"]
[BlackElo "2366"]
[Annotator "RC"]
[PlyCount "102"]
[EventDate "2024.03.26"]
[EventType "tourn"]
[EventCountry "HUN"]
[SourceTitle "playchess.com"]
[Source "ChessBase"]
[SourceQuality "1"]
[TimeControl "5400+30"]

1. e4 e5 2. Nf3 Nc6 3. Bc4 Bc5 4. c3 Nf6 5. d3 d6 6. O-O a6 7. Bb3 Ba7 8. Nbd2 O-O 9. h3 h6 10. Re1 Re8 11. Nf1 Be6 12. Bxe6 Rxe6 13. Ng3 d5 14. exd5 Nxd5 15. Nf5 Qf6 16. Ne3 Rd8 17. Nxd5 Rxd5 18. Qe2 Qg6 19. Rd1 e4 20. dxe4 Qxe4 21. Be3 Rxd1+ 22. Rxd1 Bxe3 23. fxe3 Qxe3+ 24. Qxe3 Rxe3 25. Rd7 Re7 26. Rxe7 Nxe7 27. Ne5 a5 28. Kf2 f6 29. Nd3 b6 30. Ke3 Kf7 31. Ke4 g5 32. g4 Ke6 33. c4 c5 34. b3 f5+ 35. gxf5+ Nxf5 36. Nb2 Nd6+ 37. Kf3 Kf5 38. Na4 Nc8 39. Nc3 h5 40. Nd5 Ke5 41. Ke3 b5 42. Nc3 bxc4 43. bxc4 Nd6 44. Kd3 Kf4 45. Ne2+ Kf3 46. a4 Nxc4 47. Ng1+ Kf2 48. Kxc4 Kxg1 49. Kb5 c4 50. Kxc4 g4 51. hxg4 hxg4 0-1

[Event "SixDays IM March 2024"]
[Site "Budapest"]
[Date "2024.04.03"]
[Round "7.2"]
[White "Toth-Goczo, Melinda"]
[Black "Demeter, Dorina"]
[Result "1/2-1/2"]
[ECO "D31"]
[WhiteElo "2189"]
[BlackElo "2296"]
[Annotator "RC"]
[PlyCount "98"]
[EventDate "2024.03.26"]
[EventType "tourn"]
[EventCountry "HUN"]
[SourceTitle "playchess.com"]
[Source "ChessBase"]
[SourceQuality "1"]
[TimeControl "5400+30"]

1. d4 d5 2. c4 e6 3. Nc3 h6 4. g4 Bb4 5. a3 Bxc3+ 6. bxc3 Nf6 7. g5 Ne4 8. gxh6 Nxf2 9. hxg7 Rg8 10. Qc2 Nxh1 11. Qh7 Rxg7 12. Qxg7 Qh4+ 13. Kd1 Nf2+ 14. Kc2 Qe4+ 15. Kd2 Nc6 16. Qg8+ Ke7 17. Qg5+ Kd7 18. Bg2 Qg4 19. Qxg4 Nxg4 20. cxd5 Na5 21. Rb1 exd5 22. Bxd5 Kd6 23. Bxf7 c6 24. e4 Ke7 25. Ba2 Nxh2 26. a4 Bg4 27. Ba3+ Kd7 28. Bb4 b6 29. Bxa5 Rf8 30. Bc4 bxa5 31. Rb7+ Kc8 32. Rxa7 Rf2+ 33. Ne2 Nf1+ 34. Ke1 Rf3 35. Rxa5 Ne3 36. Ba6+ Kc7 37. Rg5 Kb6 38. Bd3 Rh3 39. a5+ Ka7 40. Rg7+ Ka8 41. Kd2 Nf1+ 42. Kc2 Rh2 43. Kd1 Rh1 44. Rg8+ Ka7 45. Rg7+ Ka8 46. Rg8+ Ka7 47. Kc2 Rh2 48. Kd1 Rh1 49. Rg7+ Ka8 1/2-1/2

[Event "SixDays IM March 2024"]
[Site "Budapest"]
[Date "2024.04.03"]
[Round "7.3"]
[White "Mouhamad, Joachim"]
[Black "Advaitt Srikant Koduri"]
[Result "1-0"]
[ECO "B76"]
[WhiteElo "2278"]
[BlackElo "2125"]
[Annotator "RC"]
[PlyCount "103"]
[EventDate "2024.03.26"]
[EventType "tourn"]
[EventCountry "HUN"]
[SourceTitle "playchess.com"]
[Source "ChessBase"]
[SourceQuality "1"]
[TimeControl "5400+30"]

1. e4 c5 2. Nf3 d6 3. d4 cxd4 4. Nxd4 Nf6 5. Nc3 g6 6. Be3 Bg7 7. f3 O-O 8. Qd2 Nc6 9. O-O-O d5 10. exd5 Nxd5 11. Nxc6 bxc6 12. Bd4 Bxd4 13. Qxd4 Qb6 14. Na4 Qc7 15. Bc4 Rd8 16. Nc5 Bf5 17. Bb3 Nf4 18. Qf2 Rxd1+ 19. Rxd1 Rd8 20. Re1 h5 21. g3 Nd5 22. a3 Qb6 23. Rd1 Rd6 24. Qg1 Nf6 25. Re1 Nd5 26. Bc4 Qc7 27. Bd3 Bxd3 28. Nxd3 Nb6 29. Qc5 Qd7 30. Qe5 Nd5 31. Nc5 Qc7 32. Ne4 Re6 33. Qxc7 Nxc7 34. Rd1 Nd5 35. Kd2 f5 36. Nc5 Rd6 37. Ke2 Kf7 38. Rd4 Nb6 39. Rb4 Rd5 40. Nd3 Rb5 41. f4 a5 42. Rb3 Kf6 43. Rc3 e6 44. Rxc6 Nd7 45. h4 Nb6 46. Kd2 a4 47. Kc1 Nd7 48. Ra6 Nb6 49. Ra7 Nc4 50. Rxa4 Ne3 51. Ra7 Nf1 52. c4 1-0

[Event "SixDays IM March 2024"]
[Site "Budapest"]
[Date "2024.04.03"]
[Round "7.4"]
[White "Krizsany, Laszlo"]
[Black "Radzimski, Antoni"]
[Result "1/2-1/2"]
[ECO "E11"]
[WhiteElo "2341"]
[BlackElo "2197"]
[Annotator "RC"]
[PlyCount "102"]
[EventDate "2024.03.26"]
[EventType "tourn"]
[EventCountry "HUN"]
[SourceTitle "playchess.com"]
[Source "ChessBase"]
[SourceQuality "1"]
[TimeControl "5400+30"]

1. d4 Nf6 2. c4 e6 3. Nf3 Bb4+ 4. Bd2 a5 5. g3 d5 6. Bg2 O-O 7. O-O dxc4 8. Qc2 Bxd2 9. Nbxd2 b5 10. a4 c6 11. b3 cxb3 12. Nxb3 Ba6 13. Rfc1 bxa4 14. Nc5 Bb5 15. Nxa4 Na6 16. Nc3 Nb4 17. Qd2 Qb6 18. e4 Rfd8 19. e5 Nfd5 20. Ne4 Nd3 21. Rcb1 N5b4 22. Nd6 c5 23. Ng5 Ra7 24. Be4 h6 25. Nf3 c4 26. Bxd3 Rxd6 27. exd6 cxd3 28. Qf4 Ra6 29. Ra3 Qxd6 30. Qxd6 Rxd6 31. Rxa5 Bc6 32. Rxb4 Bxf3 33. Ra2 Rc6 34. Rb1 Rc4 35. Rd2 Rxd4 36. Re1 Be2 37. Kg2 e5 38. f3 Kh7 39. Kf2 f5 40. Rexe2 dxe2 41. Rxd4 exd4 42. Kxe2 Kg6 43. Kd3 Kf6 44. Kxd4 Ke6 45. f4 Kd6 46. Kc4 Kc6 47. h3 h5 48. Kd4 Kd6 49. Kc4 Kc6 50. Kd4 Kd6 51. Kc4 Kc6 1/2-1/2

[Event "SixDays IM March 2024"]
[Site "Budapest"]
[Date "2024.04.03"]
[Round "7.5"]
[White "Miszler, Levente"]
[Black "Horvath, David"]
[Result "1-0"]
[ECO "E01"]
[WhiteElo "2287"]
[BlackElo "2330"]
[Annotator "RC"]
[PlyCount "75"]
[EventDate "2024.03.26"]
[EventType "tourn"]
[EventCountry "HUN"]
[SourceTitle "playchess.com"]
[Source "ChessBase"]
[SourceQuality "1"]
[TimeControl "5400+30"]

1. d4 Nf6 2. c4 e6 3. g3 d5 4. Bg2 Bb4+ 5. Nd2 O-O 6. Ngf3 b6 7. O-O Bb7 8. a3 Be7 9. cxd5 exd5 10. b4 a5 11. b5 c6 12. Qa4 cxb5 13. Qxb5 Ba6 14. Qb3 Nc6 15. Re1 b5 16. Bb2 Qb6 17. e4 dxe4 18. Nxe4 Nxe4 19. Rxe4 Bf6 20. d5 a4 21. Qc2 Na5 22. Bxf6 Qxf6 23. Rae1 Rac8 24. Qd1 Nb3 25. Ne5 Qd6 26. Nc6 Kh8 27. Bh3 Ra8 28. Re7 Bc8 29. Bxc8 Raxc8 30. Qg4 Ra8 31. Ne5 Kg8 32. Nd7 Rfd8 33. R1e6 Qxa3 34. Nf6+ Kf8 35. Nxh7+ Kg8 36. Nf6+ Kf8 37. Qh5 Qc1+ 38. Kg2 1-0

[Event "SixDays IM March 2024"]
[Site "Budapest"]
[Date "2024.04.03"]
[Round "8.1"]
[White "Hesham, Abdelrahman"]
[Black "Horvath, David"]
[Result "1-0"]
[ECO "D35"]
[WhiteElo "2366"]
[BlackElo "2330"]
[Annotator "RC"]
[PlyCount "57"]
[EventDate "2024.03.26"]
[EventType "tourn"]
[EventCountry "HUN"]
[SourceTitle "playchess.com"]
[Source "ChessBase"]
[SourceQuality "1"]
[TimeControl "5400+30"]

1. d4 Nf6 2. c4 e6 3. Nc3 d5 4. cxd5 Nxd5 5. e4 Nxc3 6. bxc3 c5 7. Rb1 cxd4 8. cxd4 Nc6 9. Bb5 a6 10. Bxc6+ bxc6 11. Nf3 Bd6 12. O-O O-O 13. Qc2 Bd7 14. Qc3 a5 15. Ba3 Bb4 16. Bxb4 axb4 17. Qc4 Qa5 18. Ne5 Bc8 19. Nxc6 Qxa2 20. Qxb4 Ba6 21. Rb2 Qc4 22. Qxc4 Bxc4 23. Rc1 Bd3 24. f3 f5 25. d5 fxe4 26. d6 exf3 27. gxf3 e5 28. d7 e4 29. Rd2 1-0

[Event "SixDays IM March 2024"]
[Site "Budapest"]
[Date "2024.04.03"]
[Round "8.2"]
[White "Radzimski, Antoni"]
[Black "Miszler, Levente"]
[Result "0-1"]
[ECO "C00"]
[WhiteElo "2197"]
[BlackElo "2287"]
[Annotator "RC"]
[PlyCount "100"]
[EventDate "2024.03.26"]
[EventType "tourn"]
[EventCountry "HUN"]
[SourceTitle "playchess.com"]
[Source "ChessBase"]
[SourceQuality "1"]
[TimeControl "5400+30"]

1. e4 e6 2. Qe2 c5 3. Nf3 Nc6 4. g3 g6 5. Bg2 Bg7 6. O-O e5 7. d3 Nge7 8. c3 O-O 9. a3 d6 10. b4 a6 11. Be3 b6 12. Ne1 Bb7 13. Nd2 f5 14. f3 f4 15. Bf2 Bc8 16. Rd1 g5 17. Nc2 Be6 18. Nc4 d5 19. exd5 Nxd5 20. Qe1 Qe7 21. bxc5 bxc5 22. d4 cxd4 23. cxd4 Rac8 24. dxe5 Na7 25. Nd4 Rxc4 26. Nxe6 Qxe6 27. Bxa7 Nc3 28. Rd6 Qxe5 29. Qxe5 Bxe5 30. Re6 Bc7 31. gxf4 Rfxf4 32. Be3 Ne2+ 33. Kf2 Rc2 34. Ke1 Ba5+ 35. Kd1 Ra2 36. Bxf4 Nxf4 37. Rxa6 Rd2+ 38. Kc1 Nd3+ 39. Kb1 Rb2+ 40. Ka1 Bc3 41. Rc6 Be5 42. f4 gxf4 43. Bd5+ Kf8 44. Rf3 Rf2+ 45. Kb1 Rb2+ 46. Ka1 Rxh2+ 47. Kb1 Rb2+ 48. Ka1 Rb5+ 49. Ka2 Rxd5 50. Rh6 Rb5 0-1

[Event "SixDays IM March 2024"]
[Site "Budapest"]
[Date "2024.04.03"]
[Round "8.3"]
[White "Advaitt Srikant Koduri"]
[Black "Krizsany, Laszlo"]
[Result "0-1"]
[ECO "A04"]
[WhiteElo "2125"]
[BlackElo "2341"]
[Annotator "RC"]
[PlyCount "140"]
[EventDate "2024.03.26"]
[EventType "tourn"]
[EventCountry "HUN"]
[SourceTitle "playchess.com"]
[Source "ChessBase"]
[SourceQuality "1"]
[TimeControl "5400+30"]

1. Nf3 f5 2. d4 Nf6 3. g3 g6 4. Bg2 Bg7 5. O-O O-O 6. c4 d6 7. Nc3 Qe8 8. d5 Na6 9. e4 fxe4 10. Ng5 Bg4 11. Qd2 Nc5 12. Ngxe4 Nfxe4 13. Nxe4 Nxe4 14. Bxe4 c5 15. Rb1 b5 16. Qc2 Rb8 17. Be3 bxc4 18. Qxc4 Rb4 19. Qc2 Bf5 20. Bxf5 Rxf5 21. a3 Rb7 22. Rfd1 a5 23. b3 h5 24. h4 Kh7 25. Rd2 a4 26. b4 cxb4 27. axb4 Qb5 28. Qd3 Rf8 29. Qe4 a3 30. Bd4 Qc4 31. Re1 Qxb4 32. Bxg7 Qxe4 33. Rxe4 Kxg7 34. Ra4 Rf3 35. Kg2 Rc3 36. Ra2 Rc5 37. R4xa3 Rxd5 38. Ra8 Rdb5 39. Rc2 Rb8 40. Ra7 R5b7 41. Rxb7 Rxb7 42. Rc8 Rb3 43. Kf1 Rb2 44. Kg2 Rb3 45. Kf1 d5 46. Ke2 Kf6 47. Rc6+ Kf5 48. Rc7 e5 49. Rc6 Rb2+ 50. Kf3 d4 51. Rc5 Rb3+ 52. Ke2 Ke4 53. Ra5 Rb2+ 54. Ke1 d3 55. Ra3 Kd4 56. Ra6 Re2+ 57. Kf1 Re4 58. Ra4+ Kd5 59. Ra5+ Kc6 60. Ra6+ Kc5 61. Ra2 Kb4 62. f3 Kb3 63. Rd2 Kc3 64. Ra2 Rb4 65. Ra6 Rb1+ 66. Kf2 Rb2+ 67. Kf1 Kd4 68. Re6 Ke3 69. Rxe5+ Kxf3 70. Re1 Rc2 0-1

[Event "SixDays IM March 2024"]
[Site "Budapest"]
[Date "2024.04.03"]
[Round "8.5"]
[White "Gu, Crystal Jiuzhou"]
[Black "Toth-Goczo, Melinda"]
[Result "1-0"]
[ECO "B01"]
[WhiteElo "2059"]
[BlackElo "2189"]
[Annotator "RC"]
[PlyCount "113"]
[EventDate "2024.03.26"]
[EventType "tourn"]
[EventCountry "HUN"]
[SourceTitle "playchess.com"]
[Source "ChessBase"]
[SourceQuality "1"]
[TimeControl "5400+30"]

1. e4 d5 2. exd5 Qxd5 3. Nc3 Qa5 4. Nf3 Nf6 5. Bc4 Bf5 6. O-O e6 7. Re1 Nbd7 8. d3 c6 9. Bd2 Qb6 10. Qe2 Be7 11. Na4 Qc7 12. Nd4 Bg4 13. f3 Qd6 14. c3 Bh5 15. Nf5 exf5 16. Bf4 O-O 17. Bxd6 Bxd6 18. d4 b5 19. Bxb5 cxb5 20. Qxb5 Bg6 21. Qc6 Bf4 22. g3 Rfc8 23. Qa6 Bc7 24. Re2 f4 25. gxf4 Nd5 26. Rae1 h5 27. Qc6 N7f6 28. Qb5 Nxf4 29. Re7 Bd6 30. R7e3 N6d5 31. Re8+ Kh7 32. Rxc8 Rxc8 33. Qd7 Nh3+ 34. Qxh3 Rd8 35. Nc5 Nf4 36. Qh4 Rb8 37. b3 f6 38. Ne4 Bc7 39. Kh1 Re8 40. Nc5 Rc8 41. Ne6 Nd3 42. Rf1 Bd6 43. c4 Re8 44. d5 Ne5 45. Kg2 Bf7 46. f4 Ng4 47. Re1 Bb4 48. Re2 Bg6 49. f5 Bf7 50. Nf4 Ne3+ 51. Kf3 Nxf5 52. Qf2 Rc8 53. Qxa7 Nh4+ 54. Kg3 Nf5+ 55. Kg2 Rf8 56. Ne6 Nh4+ 57. Kh3 1-0

[Event "SixDays IM March 2024"]
[Site "Budapest"]
[Date "2024.04.04"]
[Round "9.1"]
[White "Toth-Goczo, Melinda"]
[Black "Hesham, Abdelrahman"]
[Result "0-1"]
[ECO "D35"]
[WhiteElo "2189"]
[BlackElo "2366"]
[Annotator "RC"]
[PlyCount "88"]
[EventDate "2024.03.26"]
[EventType "tourn"]
[EventCountry "HUN"]
[SourceTitle "playchess.com"]
[Source "ChessBase"]
[SourceQuality "1"]
[TimeControl "5400+30"]

1. d4 d5 2. c4 e6 3. Nc3 Nf6 4. cxd5 exd5 5. Bg5 c6 6. e3 h6 7. Bh4 Be7 8. Bd3 O-O 9. Nge2 Ne8 10. Bg3 Nd6 11. Qc2 Re8 12. O-O Bf8 13. Rab1 a5 14. a3 Nd7 15. b4 axb4 16. axb4 Nb6 17. b5 Nbc4 18. Bxd6 Bxd6 19. Bxc4 dxc4 20. bxc6 bxc6 21. Na4 Ra5 22. Ng3 Bxg3 23. fxg3 Rxe3 24. Qxc4 Be6 25. Qb4 Rd3 26. Rfd1 Rxd1+ 27. Rxd1 Rb5 28. Qd2 Bb3 29. Nc3 Rb4 30. Ra1 Qxd4+ 31. Qxd4 Rxd4 32. Ra3 Be6 33. Ra6 Rc4 34. Ra3 Rd4 35. Ra6 c5 36. Ra3 g5 37. h3 Rd3 38. Ra8+ Kg7 39. Ne4 Bd5 40. Re8 Bc6 41. Re5 Re3 42. h4 g4 43. Kf2 Rxe4 44. Rxc5 Re6 0-1

[Event "SixDays IM March 2024"]
[Site "Budapest"]
[Date "2024.04.04"]
[Round "9.2"]
[White "Mouhamad, Joachim"]
[Black "Gu, Crystal Jiuzhou"]
[Result "1-0"]
[ECO "B10"]
[WhiteElo "2278"]
[BlackElo "2059"]
[Annotator "RC"]
[PlyCount "103"]
[EventDate "2024.03.26"]
[EventType "tourn"]
[EventCountry "HUN"]
[SourceTitle "playchess.com"]
[Source "ChessBase"]
[SourceQuality "1"]
[TimeControl "5400+30"]

1. e4 c6 2. Nf3 d5 3. Nc3 dxe4 4. Nxe4 Nf6 5. Qe2 Nxe4 6. Qxe4 Qd5 7. Qh4 Qf5 8. Bd3 Qg4 9. Qg3 Qxg3 10. hxg3 h6 11. b3 Nd7 12. Bb2 Nc5 13. Be2 Bf5 14. O-O-O O-O-O 15. Ne5 Be6 16. Bc4 Bxc4 17. bxc4 Rg8 18. Nxf7 Re8 19. Rde1 e6 20. Be5 Kd7 21. Rh4 Be7 22. Rd4+ Kc8 23. Nd6+ Bxd6 24. Bxd6 Nd7 25. Rf4 Nf6 26. c5 b6 27. d4 Kd7 28. c4 Rc8 29. Re3 Rcd8 30. a4 Rge8 31. Kc2 Kc8 32. Rb3 Rd7 33. Be5 Kb7 34. a5 b5 35. cxb5 cxb5 36. Bxf6 gxf6 37. Rxb5+ Kc6 38. Rb4 Rf8 39. Rh4 Rh8 40. Rb3 h5 41. Rf3 Rf7 42. Re3 Re7 43. Kd3 Kd5 44. g4 Rg8 45. Rxh5+ e5 46. dxe5 fxe5 47. f4 Rxg4 48. g3 Kxc5 49. Rhxe5+ Rxe5 50. Rxe5+ Kd6 51. Rg5 Rxg5 52. fxg5 1-0

[Event "SixDays IM March 2024"]
[Site "Budapest"]
[Date "2024.04.04"]
[Round "9.4"]
[White "Miszler, Levente"]
[Black "Advaitt Srikant Koduri"]
[Result "1-0"]
[ECO "D91"]
[WhiteElo "2287"]
[BlackElo "2125"]
[Annotator "RC"]
[PlyCount "59"]
[EventDate "2024.03.26"]
[EventType "tourn"]
[EventCountry "HUN"]
[SourceTitle "playchess.com"]
[Source "ChessBase"]
[SourceQuality "1"]
[TimeControl "5400+30"]

1. d4 Nf6 2. c4 g6 3. Nc3 d5 4. Nf3 Bg7 5. Bg5 Ne4 6. Bf4 Nxc3 7. bxc3 O-O 8. e3 c5 9. cxd5 cxd4 10. cxd4 Qxd5 11. Be2 Nc6 12. O-O b6 13. Rc1 Bb7 14. Bc4 Qa5 15. Qb3 Qb4 16. d5 Qxb3 17. Bxb3 Na5 18. Rc7 Ba6 19. Rd1 Nxb3 20. axb3 Be2 21. Rd2 Bxf3 22. gxf3 Bf6 23. e4 Rfc8 24. Rdc2 Rxc7 25. Rxc7 Kf8 26. e5 Bg7 27. d6 exd6 28. exd6 a5 29. d7 Rd8 30. Bd6+ 1-0

[Event "SixDays IM March 2024"]
[Site "Budapest"]
[Date "2024.04.04"]
[Round "9.5"]
[White "Horvath, David"]
[Black "Radzimski, Antoni"]
[Result "1/2-1/2"]
[ECO "E11"]
[WhiteElo "2330"]
[BlackElo "2197"]
[Annotator "RC"]
[PlyCount "79"]
[EventDate "2024.03.26"]
[EventType "tourn"]
[EventCountry "HUN"]
[SourceTitle "playchess.com"]
[Source "ChessBase"]
[SourceQuality "1"]
[TimeControl "5400+30"]

1. d4 Nf6 2. c4 e6 3. Nf3 Bb4+ 4. Nbd2 b6 5. a3 Bxd2+ 6. Qxd2 Bb7 7. e3 a5 8. b3 O-O 9. Bb2 d6 10. Be2 Nbd7 11. O-O Ne4 12. Qc2 f5 13. Rad1 Qe8 14. d5 e5 15. Nd2 Nxd2 16. Qxd2 Nc5 17. Qc2 Bc8 18. b4 Ne4 19. f3 Ng5 20. f4 exf4 21. exf4 Ne4 22. Bd3 axb4 23. axb4 Ra2 24. Ra1 Rxa1 25. Rxa1 Qe7 26. Re1 Qf7 27. Re3 Re8 28. Bxe4 fxe4 29. Rxe4 Bf5 30. Rxe8+ Qxe8 31. Qc3 Qe7 32. h3 h5 33. Kh2 Bg6 34. Qd4 Bf5 35. Bc3 Bg6 36. Kg3 Be4 37. Kf2 Bg6 38. Kf3 h4 39. Kg4 Be4 40. g3 1/2-1/2